 Seeded DCSS version 0.30-a0-389-g8d7d949f56 (webtiles) character file.

Game seed: 8 (custom seed)

427 Ninjinzu the Slasher (level 6, 0/48 HPs)
             Began as a Demonspawn Berserker on Nov 16, 2022.
             Was a Priest of Trog.
             Slain by a gnoll
             ... wielding a +0 spear
              (7 damage)
             ... on level 4 of the Dungeon on Dec 4, 2022.
             The game lasted 00:13:36 (3094 turns).

Ninjinzu the Slasher (Demonspawn Berserker)         Turns: 3094, Time: 00:13:37

Health: 0/48       AC:  5    Str: 19      XL:     6   Next: 65%
Magic:  6/6        EV: 12    Int:  8 (9)  God:    Trog [***...]
Gold:   315        SH:  0    Dex: 18      Spells: 5/5 levels left

rFire   . . .      SeeInvis .    a - +0 falchion
rCold   . . .      Faith    .    (no shield)
rNeg    . . .      Spirit   .    h - +0 ring mail
rPois   .          Reflect  .    (no helmet)
rElec   .          Harm     .    (no cloak)
rCorr   .          Rampage  .    (no gloves)
Will    .....                    (no boots)
Stlth   +.........               (no amulet)
HPRegen 0.28/turn                j - +6 ring of dexterity
MPRegen 0.10/turn                (no ring)

@: no status effects
A: claws 1, powered by pain 2, spiny 2
a: Renounce Religion, Berserk, Trog's Hand


You were on level 4 of the Dungeon.
You worshipped Trog.
Trog was most pleased with you.
You visited 1 branch of the dungeon, and saw 4 of its levels.

You collected 354 gold pieces.
You spent 39 gold pieces at shops.

Inventory:

Hand Weapons
 a - a +0 falchion (weapon)
Armour
 b - a +0 animal skin
 h - a +0 ring mail (worn)
Jewellery
 j - a +6 ring of dexterity (left claw)
Scrolls
 c - 3 scrolls of vulnerability {unknown}
 e - 2 scrolls of noise {unknown}
 i - 2 scrolls of enchant weapon {unknown}
 l - a scroll of teleportation {unknown}
 m - a scroll of magic mapping {unknown}
 n - a scroll of enchant armour {unknown}
 p - a scroll of amnesia {unknown}
 q - a scroll of poison {unknown}
 s - 2 scrolls of identify {unknown}
Potions
 d - a potion of ambrosia {unknown}
 f - a potion of flight {unknown}
 g - a potion of resistance {unknown}
 k - a potion of curing
 o - a potion of might {unknown}
 r - 2 potions of lignification {unknown}


   Skills:
 + Level 4.1 Fighting
 + Level 5.6 Long Blades
 + Level 2.3 Armour
 + Level 2.5 Dodging
 + Level 1.1 Stealth


You had 5 spell levels left.
You didn't know any spells.
Your spell library was empty.

Dungeon Overview and Level Annotations

Branches:
Dungeon (4/15)             Temple (0/1) D:4

Altars:
Hepliaklqana
Nemelex Xobeh

Shops:
D:2 *[!!

Annotations:
D:4 1 runed translucent door, Crazy Yiuf


Innate Abilities, Weirdness & Mutations

You have sharp fingernails.
You sometimes gain power by taking damage.
You are mostly covered in sharp spines.


Message History

The gnoll shouts! x3
A gnoll comes into view. It is wielding a +0 spear.
Found two stone staircases leading down.
The gnoll hits you with a +0 spear.
You barely miss the gnoll.
The gnoll shouts!
The gnoll hits you with a +0 spear.
You slash the gnoll!
The gnoll is severely wounded.
The gnoll closely misses you. The gnoll hits you with a +0 whip.
You slash the gnoll!
The gnoll is heavily wounded.
The gnoll closely misses you. The gnoll is struck by your spines.
You kill the gnoll!
Trog accepts your kill.
You feel your dexterity returning.
You hit the gnoll but do no damage.
The gnoll is severely wounded.
The gnoll closely misses you.
You hit the gnoll but do no damage. The gnoll hits you but does no damage.
The gnoll is struck by your spines. The gnoll hits you with a +0 spear.
The gnoll hits you with a +0 flail!
You closely miss the gnoll.
The gnoll is almost dead.
The gnoll closely misses you. The gnoll is struck by your spines.
You kill the gnoll!
Trog accepts your kill. The gnoll hits you with a +0 flail.
The gnoll misses you. The gnoll hits you with a +0 flail.
The gnoll hits you with a +0 spear. The gnoll closely misses you.
You closely miss the gnoll. You claw the gnoll.
The gnoll is moderately wounded.
The gnoll is struck by your spines. The gnoll hits you with a +0 spear.
* * * LOW HITPOINT WARNING * * *
The gnoll hits you with a +0 flail.
* * * LOW HITPOINT WARNING * * *
You hit the gnoll. You claw the gnoll.
The gnoll is severely wounded.
The gnoll is struck by your spines. The gnoll hits you with a +0 spear!
You die...

.....############..
#.###........##...# .#
#.# ####.....##.#.# .
#.### #.....#..#.#.# #
#'### #######.(..#.#.##
⌠.⌠## #####............
.>.## #......).........
⌠.⌠## #........g.......
#'### #...<..#g@....>..
#.### #.<....#.........
#|# #......#.........
#.# #......#>........
#.######......#.........
#.............#.........
########....>.##########
########


You could see 2 gnolls.

Vanquished Creatures
  Duvessa (D:4)
  A scorpion (D:4)
  Dowan (D:4)
  A hound (D:4)
  An orc wizard (D:3)
  Natasha (D:3)
  2 gnolls (D:4)
  4 adders
  A worm (D:3)
  4 orcs
  4 bats
  9 endoplasms
  A giant cockroach (D:3)
  8 hobgoblins
  3 jackals (D:2)
  3 quokkas
  10 ball pythons
  9 frilled lizards
  8 goblins
  3 kobolds
  8 rats
83 creatures vanquished.

Notes
Turn   | Place    | Note
-------+----------+-------------------------------------------
     0 | D:1      | Ninjinzu the Demonspawn Berserker began the quest for the
                  | Orb.
     0 | D:1      | Reached XP level 1. HP: 18/18 MP: 1/1
    56 | D:1      | Upgraded the game from 0.30-a0-364-gf6b3ef1049 to
                  | 0.30-a0-389-g8d7d949f56
    99 | D:1      | Reached skill level 3 in Long Blades
    99 | D:1      | Gained mutation: You are partially covered in sharp spines.
                  | [demonic ancestry]
    99 | D:1      | Reached XP level 2. HP: 24/24 MP: 2/2
   233 | D:1      | Reached ** piety under Trog
   546 | D:2      | Gained mutation: You are mostly covered in sharp spines.
                  | [demonic ancestry]
   546 | D:2      | Reached XP level 3. HP: 29/29 MP: 3/3
   884 | D:2      | Found a hazy altar of Hepliaklqana.
   920 | D:2      | Found Uhik's Distillery.
   928 | D:2      | Bought a potion of curing for 39 gold pieces
   933 | D:2      | Found Vot Cau's Distillery.
  1008 | D:2      | Found Esast's Antique Armour Emporium.
  1049 | D:2      | Found Zemomuin's General Store.
  1841 | D:3      | Gained mutation: You sometimes gain a little power by
                  | taking damage. [demonic ancestry]
  1841 | D:3      | Reached XP level 4. HP: 36/36 MP: 4/4
  2177 | D:3      | Reached skill level 4 in Long Blades
  2381 | D:3      | Noticed Natasha
  2387 | D:3      | Killed Natasha
  2427 | D:3      | Found a faded altar of an unknown god.
  2621 | D:4      | Found a staircase to the Ecumenical Temple.
  2637 | D:4      | Gained mutation: You sometimes gain power by taking damage.
                  | [demonic ancestry]
  2637 | D:4      | Reached XP level 5. HP: 40/42 MP: 5/5
  2652 | D:4      | Reached *** piety under Trog
  2748 | D:4      | Reached skill level 5 in Long Blades
  2860 | D:4      | Noticed Duvessa
  2860 | D:4      | Noticed Dowan
  2876 | D:4      | Killed Duvessa
  2877 | D:4      | Reached skill level 1 in Stealth
  2877 | D:4      | Discovered your monstrous ancestry.
  2877 | D:4      | Gained mutation: You have sharp fingernails. [demonic
                  | ancestry]
  2877 | D:4      | Reached XP level 6. HP: 33/48 MP: 6/6
  2878 | D:4      | Killed Dowan
  2980 | D:4      | Found a sparkling altar of Nemelex Xobeh.
  3025 | D:4      | Found a runed translucent door.
  3026 | D:4      | Noticed Crazy Yiuf
  3094 | D:4      | Slain by a gnoll

Illustrated notes

Levels and vault maps discovered:
D:1:      minmay_arrival_diagonal_passages, layout_rooms, nrook_mini_backslash
D:2:      layout_basic, serial_shops, shop_coins, nicolae_shop_waterfront, shop,
          shop, basic_altar, minmay_vboxes
D:3:      layout_basic, hellmonk_ecumenical_altar_slurped_away,
          dreamdust_wishing_well, chequers_serial_rivers_large_a,
          roderic_serpentine_path, uniq_natasha
D:4:      layout_rooms, nemelex_spade_bored_becter, temple_doors_ab,
          chequers_serial_rivers_room_a, corexii_hall_statues_x, uniq_duvessa,
          uniq_crazy_yiuf_cottage

Skill      XL: |  1  2  3  4  5 |
---------------+----------------+-----
Long Blades    | 3 4 5 |  5.6
Armour         | 2 |  2.3
Dodging        | 2 |  2.5
Fighting       | 4 |  4.1
Stealth        | 1 |  1.1

Action                   |  1- 3 |  4- 6 || total
-------------------------+-------+-------++-------
Melee: Falchion          |    82 |    69 ||   151
       Unarmed           |       |     1 ||     1
       Punch             |       |     2 ||     2
Invok: Berserk           |       |     1 ||     1
  Use: Potion            |       |     2 ||     2
 Stab: Sleeping          |       |     1 ||     1
Armor: Animal skin       |    16 |     5 ||    21
       Ring mail         |       |     7 ||     7
Dodge: Dodged            |    45 |    34 ||    79

Table legend: (Time is in decaauts)
 A = Elapsed time spent in this place.
 B = Non-inter-level travel time spent in this place.
 C = Inter-level travel time spent in this place.
 D = Time resting spent in this place.
 E = Time spent auto-exploring this place.
 F = Levels seen in this place.
 G = Mean time per level.
                   A        B        C        D        E       F      G
               +--------+--------+--------+--------+--------+-----+--------+
         Total |   3125 |   2966 |    159 |    100 |   2303 |   4 |  781.2 |
       Dungeon |   3125 |   2966 |    159 |    100 |   2303 |   4 |  781.2 |
               +--------+--------+--------+--------+--------+-----+--------+

Top non-repeatable levels by time:
     D:2: 1080 daAuts
     D:3: 1018 daAuts
     D:1: 521 daAuts
     D:4: 505 daAuts
